Map: Emerald City LE

Players

Dexter - Winner!

  • Race: Zerg Zerg
  • League: Gold
  • Spawn Location: 11:00

Haiden - Winner!

  • Race: Zerg Zerg
  • League: Diamond
  • Spawn Location: 11:00

Massa

  • Race: Terran Terran
  • League: Platinum
  • Spawn Location: 5:00

qqq

  • Race: Zerg Zerg
  • Spawn Location: 5:00

VOD

Have the link to the VOD?

Description

Time

  • Played on: Nov. 1, 2020, 5:22 p.m.
  • Length: 17:51
Show
View Real Time Build Order
Export as new Build Order

Dexter Zerg - Winner!

Build Orders: Hatch First, Muta Ling Bane 

Get SALT Encoding   

  12  0:00  Drone  
  13  0:12  Overlord  
  13  0:17  Drone  
  14  0:30  Drone  
  14  0:31  Drone  
  14  0:34  Drone  
  17  0:53  Hatchery  
  16  0:57  Drone  
  16  1:00  Extractor  
  16  1:13  Spawning Pool  
  16  1:16  Drone  
  16  1:24  Drone x2  
  18  1:34  Drone  
  19  2:00  Overlord  
  19  2:02  Queen  
  19  2:05  Queen, Metabolic Boost  
  23  2:09  Zergling x2  
  23  2:10  Zergling x2  
  23  2:13  Drone  
  26  2:39  Drone x3  
  28  2:56  Drone  
  29  3:00  Baneling Nest  
  28  3:06  Zergling x4  
  28  3:07  Zergling x2  
  31  3:16  Overlord  
  31  3:30  Drone  
  32  3:34  Extractor  
  32  3:35  Queen, Lair  
  32  3:37  Drone x4  
  36  3:56  Drone  
  36  3:57  Drone x3  
  36  3:59  Drone x2  
  36  4:00  Overlord  
  36  4:01  Overlord  
  42  4:21  Drone x2  
  42  4:41  Centrifical Hooks  
  42  4:44  Drone x2  
  43  4:49  Extractor  
  43  4:50  Extractor  
  41  4:54  Zergling x12  
  41  4:58  Zergling x6  
  41  4:59  Hatchery  
  49  5:12  Drone  
  49  5:13  Drone x2  
  52  5:24  Baneling, Evolution Chamber x2  
  52  5:25  Baneling x5  
  52  5:26  Baneling x3  
  50  5:30  Drone x4  
  53  6:01  Zerg Melee Weapons Level 1, Zerg Ground Armor Level 1  
  53  6:15  Drone x3  
  53  6:16  Overlord x2  
  56  6:22  Queen  
  57  6:34  Queen  
  57  6:39  Spire  
  58  6:58  Queen  
  58  7:07  Drone  
  59  7:11  Spore Crawler  
  59  7:12  Spore Crawler  
  59  7:14  Spore Crawler  
  56  7:18  Drone x3  
  55  7:35  Drone x5  
  57  7:37  Zergling x2  
  57  7:38  Zergling x16  
  57  7:39  Zergling x10  
  57  7:40  Zergling x6  
  74  7:48  Overlord  
  74  7:58  Hatchery  
  72  8:21  Baneling x3  
  72  8:22  Baneling  
  72  8:26  Baneling x3  
  67  8:47  Zergling x6  
  67  8:48  Zergling x6  
  71  8:50  Mutalisk x3  
  71  9:00  Zergling x2  
  69  9:06  Drone x3  
  69  9:08  Zergling x2  
  69  9:09  Mutalisk x4  
  76  9:10  Zergling x6  
  84  9:27  Extractor  
  84  9:29  Extractor  
  82  9:32  Drone  
  83  9:41  Zergling x8  
  83  9:42  Zergling x2  
  83  9:43  Overlord  
  83  9:44  Overlord x2  
  77  10:11  Zergling x10  
  77  10:12  Zergling x2  
  77  10:13  Zergling x4  
  77  10:14  Zergling x10  
  83  10:21  Zerg Ground Armor Level 2, Zerg Melee Weapons Level 2  
  86  10:25  Infestation Pit  
  86  10:27  Zerg Flyer Armor Level 1  
  85  10:38  Drone x4  
  89  10:51  Baneling x6  
  89  10:52  Baneling x5  
  66  11:20  Mutalisk x3  
  66  11:21  Zergling x8  
  66  11:22  Mutalisk x5, Zergling x4  
  66  11:23  Zergling x4  
  87  11:32  Overseer x2  
  85  11:34  Mutalisk, Zergling x4  
  85  11:35  Zergling x2  
  85  11:36  Mutalisk x3  
  85  11:37  Mutalisk x4, Zergling x6  
  85  11:38  Zergling x4, Overlord  
  109  11:50  Baneling x7  
  109  11:51  Baneling x2  
  97  12:17  Mutalisk x3, Zergling x4  
  97  12:18  Mutalisk x3  
  97  12:19  Zergling x6  
  110  12:40  Hive  
  92  13:45  Zergling x4  
  92  13:46  Zergling x14  
  92  13:47  Corruptor x3  
  92  13:48  Corruptor  
  109  13:51  Zerg Flyer Weapons Level 1  
  109  13:54  Zerg Melee Weapons Level 3  
  109  13:55  Zerg Ground Armor Level 3  
  109  13:59  Ultralisk Cavern  
  108  14:23  Mutalisk  
  108  14:24  Mutalisk, Zergling x4  
  108  14:25  Viper  
  108  14:26  Viper  
  74  15:06  Mutalisk x3, Zergling x2  
  74  15:07  Zergling x4  
  78  15:08  Zergling x12  
  83  15:17  Ultralisk x4  
  105  15:41  Queen  
  107  15:46  Chitinous Plating  
  107  15:54  Drone  
  108  16:00  Baneling x6  
  108  16:01  Baneling x3  
  108  16:07  Zergling x8  
  108  16:08  Zergling x4  
  114  16:12  Overlord x3  
  114  16:30  Ultralisk  
  114  16:31  Zergling x6  
  114  16:32  Zergling x2  
  118  16:59  Ultralisk  
  118  17:00  Zergling x8  
  128  17:02  Zergling x20  
  128  17:04  Anabolic Synthesis  
  128  17:08  Baneling x5  
Show
View Real Time Build Order
Export as new Build Order

Haiden Zerg - Winner!

Build Orders: Hatch First 

Get SALT Encoding   

  12  0:00  Drone  
  13  0:12  Overlord  
  13  0:17  Drone  
  14  0:30  Drone  
  14  0:31  Drone  
  14  0:35  Drone  
  17  0:55  Drone  
  18  0:57  Hatchery, Drone  
  18  1:11  Spawning Pool  
  18  1:12  Extractor  
  18  1:15  Drone  
  17  1:19  Drone  
  18  1:28  Drone  
  19  1:39  Overlord  
  19  1:54  Drone  
  19  1:58  Queen  
  19  2:01  Zergling x2  
  23  2:09  Drone  
  23  2:10  Queen  
  23  2:13  Drone  
  23  2:14  Metabolic Boost  
  27  2:29  Drone x2  
  29  2:38  Drone x2  
  29  2:44  Drone x2  
  33  2:51  Queen  
  33  2:57  Overlord  
  34  3:06  Drone x2  
  36  3:26  Zergling x4  
  36  3:31  Drone x4  
  40  3:36  Evolution Chamber  
  40  3:37  Drone, Baneling Nest  
  40  3:38  Evolution Chamber  
  38  3:45  Zergling x2  
  39  3:49  Drone  
  39  3:50  Drone  
  39  3:52  Extractor  
  39  3:53  Lair  
  40  4:08  Drone x3  
  43  4:11  Zerg Melee Weapons Level 1  
  43  4:12  Hatchery  
  43  4:16  Drone  
  43  4:18  Overlord x2  
  43  4:27  Hatchery  
  42  4:35  Overlord  
  42  4:36  Overlord  
  42  4:40  Zerg Ground Armor Level 1  
  42  4:41  Zergling x2  
  42  4:42  Zergling x6  
  46  4:46  Drone x2  
  46  4:49  Drone  
  46  4:50  Drone  
  46  4:52  Drone  
  51  4:54  Drone  
  52  5:06  Overlord  
  52  5:09  Extractor  
  52  5:10  Drone x3  
  52  5:11  Extractor, Drone  
  52  5:12  Drone x2  
  52  5:13  Drone  
  53  5:29  Zergling x10  
  53  5:30  Zergling x2  
  58  5:38  Queen  
  59  5:43  Zergling x4  
  59  5:44  Zergling x6  
  59  5:49  Spine Crawler  
  63  5:50  Drone x2  
  63  5:51  Drone  
  63  5:52  Drone  
  63  5:55  Drone x2  
  68  6:02  Spire  
  67  6:07  Drone x3  
  70  6:27  Drone x4  
  70  6:28  Drone x3  
  77  6:50  Queen x2  
  79  6:55  Spore Crawler x2  
  79  6:58  Spore Crawler x3  
  79  7:00  Queen x2, Spore Crawler  
  74  7:02  Spore Crawler  
  68  7:22  Mutalisk x4  
  69  7:23  Mutalisk x7  
  73  7:39  Mutalisk x4  
  80  7:54  Drone  
  80  7:55  Drone x6  
  83  8:06  Mutalisk x2  
  79  8:30  Mutalisk x3  
  81  8:50  Mutalisk x2  
  81  9:13  Mutalisk x3  
  81  9:17  Drone  
  88  9:18  Overlord x3  
  88  9:21  Extractor  
  88  9:22  Extractor  
  86  9:29  Hatchery  
  83  9:46  Mutalisk x2  
  87  10:02  Mutalisk x3  
  93  10:11  Centrifical Hooks  
  93  10:17  Drone x2  
  93  10:18  Drone x3  
  93  10:19  Drone  
  93  10:20  Drone x6  
  105  10:34  Zerg Flyer Armor Level 1  
  105  10:35  Zergling x8  
  107  10:36  Zergling x2  
  110  10:49  Overlord x3  
  110  10:51  Drone x3  
  110  10:52  Drone  
  110  10:53  Drone x3  
  117  11:00  Baneling x2  
  117  11:01  Baneling x4  
  117  11:07  Baneling x4  
  117  11:25  Mutalisk  
  108  11:26  Mutalisk x5  
  120  11:38  Drone x4  
  120  11:39  Drone x4  
  126  11:40  Zergling x8  
  126  11:41  Zergling x24  
  126  11:43  Extractor  
  126  11:45  Extractor  
  135  12:16  Mutalisk x3  
  135  12:19  Overlord x3  
  135  12:20  Overlord  
  141  12:26  Baneling  
  141  12:27  Baneling x20  
  141  12:28  Zergling x2  
  141  12:29  Zergling x8  
  142  12:30  Overlord  
  142  12:31  Overlord x2  
  142  12:34  Overlord x4  
  142  12:48  Zerg Flyer Armor Level 2, Infestation Pit  
  141  12:57  Baneling x9  
  141  12:58  Baneling x2  
  141  12:59  Zergling x14  
  126  13:59  Mutalisk  
  126  14:00  Mutalisk x15  
  154  14:24  Hatchery  
  154  14:30  Hatchery  
  150  14:44  Mutalisk x9  
  168  14:48  Pneumatized Carapace  
  168  14:49  Overseer  
  153  15:20  Mutalisk  
  153  15:21  Mutalisk x6  
  153  15:26  Mutalisk  
  167  15:29  Drone x5  
  167  15:30  Drone x7  
  167  15:31  Drone x6  
  167  15:32  Drone x4  
  167  15:33  Drone x2  
  191  15:38  Mutalisk x2  
  189  16:14  Mutalisk  
  189  16:15  Mutalisk x4  
  199  16:19  Extractor  
  199  16:20  Extractor  
  168  16:52  Mutalisk x3  
  168  16:53  Mutalisk x4  
  179  17:26  Spire  
Show
View Real Time Build Order
Export as new Build Order

Massa Terran 

Build Orders: Gas First Reaper Expand 

Get SALT Encoding   

  12  0:00  SCV  
  13  0:12  SCV  
  14  0:23  Supply Depot  
  14  0:24  SCV  
  15  0:31  Refinery  
  15  0:45  SCV  
  15  0:47  Barracks  
  16  0:57  SCV  
  17  1:09  SCV  
  18  1:21  SCV  
  19  1:33  Orbital Command  
  19  1:36  Reaper  
  20  1:44  Supply Depot  
  20  1:53  Command Center  
  20  1:59  SCV  
  21  2:11  Barracks  
  21  2:21  Factory  
  21  2:26  SCV  
  22  2:31  Engineering Bay  
  22  2:33  Barracks Reactor  
  22  2:38  SCV  
  23  3:29  Orbital Command  
  23  3:31  SCV  
  24  3:43  SCV  
  25  3:59  Supply Depot  
  25  4:01  Factory Reactor  
  25  4:05  Marine x2  
  25  4:09  Marine  
  27  4:22  Marine  
  27  4:23  Marine  
  29  4:27  Marine  
  29  4:39  Hellion x2  
  29  4:40  Marine x2  
  29  4:45  Marine  
  36  4:47  SCV x2  
  38  4:53  Starport  
  38  4:56  Missile Turret  
  38  4:57  Missile Turret  
  38  4:58  Marine x2  
  38  4:59  SCV x2  
  42  5:04  Supply Depot x2  
  41  5:09  Refinery  
  41  5:11  Command Center, Terran Infantry Weapons Level 1  
  41  5:13  SCV x2  
  43  5:16  Marine x2  
  43  5:19  Missile Turret  
  45  5:21  Missile Turret  
  45  5:25  SCV x2  
  45  5:28  Supply Depot  
  47  5:29  Missile Turret  
  47  5:38  Supply Depot  
  47  5:45  Marine x2, Supply Depot  
  47  5:48  Supply Depot  
  49  5:52  Barracks Tech Lab  
  49  5:53  Refinery  
  49  5:59  Barracks  
  49  6:01  Medivac  
  49  6:03  Marine x2  
  53  6:06  Hellion x2  
  53  6:11  Stimpack  
  57  6:14  Marauder  
  57  6:18  SCV x2  
  61  6:26  Orbital Command  
  61  6:27  Hellion x2  
  61  6:30  SCV  
  61  6:32  SCV  
  67  6:37  Marauder  
  69  6:42  SCV  
  70  6:52  Marine x2  
  72  6:56  Barracks Tech Lab  
  72  6:57  SCV x2  
  72  6:58  SCV, Marauder  
  77  7:02  Refinery  
  77  7:05  Medivac  
  77  7:06  Terran Infantry Armor Level 1  
  77  7:07  Widow Mine  
  81  7:09  SCV, Marine  
  81  7:10  SCV x2  
  81  7:13  Widow Mine  
  87  7:20  Marauder  
  89  7:28  Widow Mine  
  85  7:34  Widow Mine  
  81  7:49  Armory  
  81  7:50  Engineering Bay  
  81  7:53  Starport Reactor  
  81  8:03  SCV x2  
  83  8:15  SCV x2  
  83  8:16  Orbital Command  
  83  8:18  Missile Turret x2  
  81  8:27  SCV x2  
  81  8:34  Widow Mine x2  
  85  8:38  Missile Turret  
  85  8:39  SCV  
  85  8:40  SCV  
  69  8:51  Marine x4  
  69  8:55  Widow Mine x2  
  70  8:56  SCV x3  
  69  9:05  Missile Turret  
  69  9:08  SCV x2, Marine  
  69  9:09  Marauder x2, Marine  
  77  9:16  Widow Mine x2, Missile Turret  
  79  9:17  Missile Turret  
  79  9:19  Missile Turret  
  79  9:26  Marine x2  
  79  9:31  Marauder x2  
  85  9:40  Widow Mine x2  
  85  9:41  Supply Depot  
  85  9:42  Supply Depot x2  
  85  9:43  Supply Depot x2  
  85  9:44  Marine x2  
  91  9:46  Supply Depot x2  
  91  9:48  Supply Depot  
  91  9:52  Marauder x2  
  92  10:02  Marine x2  
  93  10:10  Widow Mine x2  
  93  10:13  Marauder  
  93  10:14  Marauder  
  101  10:20  Marine x2  
  103  10:29  Factory  
  103  10:31  Widow Mine, SCV x3, Barracks  
  103  10:32  Widow Mine  
  103  10:35  Marauder x2  
  114  10:37  Marine  
  115  10:53  Widow Mine x2  
  115  10:56  Marauder  
  121  11:14  Widow Mine  
  107  11:28  Marauder x2, Marine  
  107  11:29  Marine  
  107  11:30  Widow Mine  
  112  11:36  Widow Mine  
  113  11:46  Marine x2  
  111  11:49  Marauder  
  111  11:50  Marauder  
  111  11:52  Widow Mine  
  113  11:57  Widow Mine  
  110  12:04  Marine x2  
  104  12:11  Marauder x2  
  104  12:13  Widow Mine  
  82  12:18  Widow Mine  
  82  12:22  Marine x2  
  74  12:32  Barracks Tech Lab, Marauder x2  
  74  12:34  Widow Mine, Factory Reactor  
  80  12:37  Barracks  
  80  12:39  Marine  
  80  12:40  Widow Mine, Marine  
  80  12:43  Barracks  
  84  12:48  Barracks  
  84  12:53  Marauder  
  84  12:54  Marauder  
  84  12:56  Widow Mine  
  84  12:57  Marine  
  91  13:01  Widow Mine  
  93  13:05  Missile Turret  
  93  13:06  Missile Turret  
  93  13:08  Missile Turret x4  
  91  13:15  Marauder x2  
  91  13:16  Medivac  
  91  13:17  Widow Mine, Medivac  
  92  13:36  Marauder  
  92  13:37  Marauder  
  94  13:42  Missile Turret  
  94  13:44  Terran Infantry Armor Level 2, Terran Infantry Weapons Level 2  
  94  13:46  Medivac  
  94  13:47  Medivac  
  98  13:51  Missile Turret x3  
  98  13:52  Missile Turret  
  98  13:54  Marauder, Marine  
  98  13:55  Marine  
  102  13:56  Missile Turret  
  102  13:57  Marauder  
  102  13:58  Widow Mine, Marauder  
  108  14:15  Marauder  
  108  14:16  Medivac  
  112  14:19  Marauder x2  
  116  14:37  Marauder  
  118  14:40  Marauder  
  118  14:41  Marauder  
  117  14:58  Marauder  
  106  15:02  Marauder x2  
  68  15:16  Widow Mine x4  
  68  15:22  Marauder, Marine x2  
  68  15:23  Marauder x2  
  76  15:37  Widow Mine x4  
  76  15:40  Marine x2  
  76  15:41  Combat Shield  
  84  15:42  Marine  
  84  15:43  Concussive Shells  
  84  15:44  Marine x2  
  86  15:58  Widow Mine, Marine x2  
  86  15:59  Widow Mine x2  
  86  16:00  Marine  
  86  16:02  Marine x2  
  97  16:15  Marine  
  97  16:16  Marine  
  99  16:18  Marine  
  99  16:19  Marine  
  99  16:20  Marine  
  101  16:36  Marine  
  101  16:37  Marine  
  101  16:38  Marine  
  95  17:27  SCV, Engineering Bay  
  95  17:38  Engineering Bay  
Show
View Real Time Build Order
Export as new Build Order

qqq Zerg 

Build Orders: Hatch First 

Get SALT Encoding   

  12  0:01  Drone  
  13  0:10  Drone  
  14  0:40  Hatchery  
  14  0:41  Drone  
  14  0:50  Overlord  
  14  0:52  Extractor  
  14  0:53  Drone  
  14  1:13  Spawning Pool  
  14  1:17  Drone  
  14  1:21  Drone  
  15  1:27  Drone  
  16  1:33  Drone  
  17  1:42  Drone  
  18  1:53  Drone  
  19  1:54  Drone  
  19  2:00  Metabolic Boost  
  20  2:02  Drone  
  20  2:04  Drone  
  22  2:16  Queen  
  22  2:19  Drone  
  25  2:25  Baneling Nest  
  25  2:26  Drone  
  25  2:28  Zergling x2  
  26  2:32  Drone  
  26  2:40  Drone  
  26  2:41  Zergling x2  
  28  2:49  Overlord  
  28  2:55  Lair  
  28  2:59  Extractor  
  28  3:00  Drone  
  28  3:04  Overlord  
  28  3:10  Baneling x2  
  28  3:16  Drone x2  
  28  3:17  Drone x2  
  32  3:26  Drone  
  33  3:33  Drone  
  34  3:37  Overlord x2  
  34  3:39  Drone x2  
  36  3:42  Extractor  
  34  3:49  Drone  
  34  3:51  Zergling x2  
  34  3:53  Baneling x2  
  36  3:58  Drone  
  37  4:07  Zergling x6  
  37  4:08  Zergling x2  
  37  4:09  Spire  
  40  4:15  Baneling x2  
  40  4:16  Zergling x2  
  41  4:17  Zergling x2  
  41  4:18  Zergling x2  
  43  4:30  Drone  
  44  4:33  Extractor  
  42  4:39  Baneling  
  42  4:47  Drone x2  
  42  4:52  Overlord x5  
  44  4:57  Queen  
  44  4:59  Drone  
  47  5:07  Drone  
  46  5:27  Mutalisk x3  
  46  5:28  Mutalisk x2  
  54  5:56  Mutalisk x3  
  55  5:58  Drone, Mutalisk  
  62  6:18  Hatchery  
  60  6:29  Mutalisk x2  
  60  6:30  Mutalisk  
  60  6:31  Drone x3  
  67  6:34  Zerg Flyer Weapons Level 1  
  67  6:53  Mutalisk x2  
  71  6:55  Drone x3  
  70  7:33  Drone  
  70  7:34  Drone x2, Mutalisk x5  
  83  7:40  Drone  
  82  8:12  Hatchery  
  65  8:21  Mutalisk x4  
  65  8:22  Mutalisk  
  65  8:23  Drone x4  
  65  8:24  Drone x5  
  65  8:26  Spore Crawler  
  79  8:28  Spore Crawler  
  74  8:41  Mutalisk  
  74  8:42  Mutalisk  
  74  8:43  Drone x3  
  74  8:44  Drone  
  75  8:59  Mutalisk x2  
  79  9:06  Spore Crawler  
  79  9:07  Spore Crawler  
  79  9:08  Spine Crawler  
  79  9:09  Spine Crawler  
  75  9:15  Mutalisk  
  77  9:17  Drone x3  
  80  9:32  Extractor x2  
  74  9:42  Mutalisk x3  
  76  10:06  Mutalisk x2  
  68  10:08  Drone x4, Hydralisk Den  
  68  10:09  Drone x2  
  68  10:13  Spore Crawler  
  72  10:22  Spore Crawler  
  72  10:23  Spore Crawler  
  72  10:24  Drone  
  72  10:25  Queen, Spore Crawler  
  72  10:26  Mutalisk  
  72  10:27  Mutalisk  
  76  10:34  Evolution Chamber  
  76  10:35  Mutalisk x2  
  75  10:36  Evolution Chamber  
  75  10:39  Zergling x6  
  75  10:40  Drone x3, Zergling x2  
  85  10:45  Queen  
  87  10:53  Drone x2  
  87  10:54  Hydralisk x2  
  93  10:58  Muscular Augments  
  93  11:02  Zerg Missile Weapons Level 1  
  93  11:05  Extractor  
  93  11:09  Extractor  
  91  11:14  Infestation Pit  
  78  11:28  Hydralisk x3  
  78  11:29  Hydralisk x3  
  90  11:33  Drone x6  
  90  11:38  Overlord x3  
  94  11:55  Drone x2  
  94  11:56  Overlord  
  94  11:57  Overlord x3  
  86  12:09  Grooved Spines  
  86  12:14  Hydralisk  
  86  12:15  Hydralisk x7  
  84  12:16  Hydralisk x4  
  84  12:17  Hydralisk x2  
  100  12:34  Drone, Spine Crawler  
  100  12:35  Drone, Spine Crawler  
  100  12:41  Spore Crawler  
  100  12:42  Hatchery  
  98  12:46  Zerg Ground Armor Level 1  
  98  12:47  Spore Crawler x2  
  92  13:04  Drone x5  
  92  13:05  Drone x3, Hydralisk x4  
  100  13:06  Hydralisk x4  
  112  13:24  Drone  
  112  13:25  Drone x4  
  108  13:33  Hydralisk x4  
  100  13:43  Hydralisk x2  
  92  13:50  Drone x2, Hatchery, Hydralisk x2  
  97  14:00  Drone  
  88  14:08  Spine Crawler  
  87  14:11  Zerg Missile Weapons Level 2  
  87  14:13  Lurker Den  
  87  14:14  Hydralisk x4  
  87  14:16  Drone x2  
  96  14:27  Hydralisk x3  
  102  14:37  Hydralisk x3  
  108  14:55  Spine Crawler x2  
  102  15:00  Hydralisk x4  
  82  15:18  Hydralisk x5  
  88  15:25  Hive  
  88  15:41  Hydralisk  
  88  15:42  Hydralisk  
  90  15:46  Hatchery  
  91  15:51  Hydralisk  
  91  15:53  Lurker  
  91  15:54  Lurker x2  
  91  15:55  Lurker  
  97  15:58  Lurker  
  97  16:02  Hydralisk  
  100  16:21  Hydralisk x3  
  100  16:22  Hydralisk x2  
  108  16:34  Hydralisk  
  108  16:35  Hydralisk x2  
  108  17:02  Hydralisk x3  
  108  17:05  Overlord  
  108  17:06  Overlord x2  
  99  17:22  Ultralisk Cavern  
Tags
 
Add a new tag
Caveats
  • Supply blocks, unpowered buildings, or Contaminate may cause inaccurate times.
  • Supply counts are checked every 10 seconds.